Map: [ESL] Tropical Sacrifice

Players

Serral - Winner!

  • Race: Zerg Zerg
  • Spawn Location: 1:00

Neeb

  • Race: Protoss Protoss
  • League: Master
  • Spawn Location: 7:00

Event: HomeStory Cup XXI

VOD

Have the link to the VOD?

Description

Time

  • Played on: July 24, 2022, 10:31 a.m.
  • Length: 4:13

All games in this series

Show
View Real Time Build Order
Export as new Build Order

Serral Zerg - Winner!

Build Orders: Hatch First 

Get SALT Encoding   

  12  0:00  Drone  
  13  0:12  Overlord  
  13  0:17  Drone  
  14  0:31  Drone x2  
  16  0:47  Drone  
  17  0:55  Hatchery  
  17  0:56  Drone  
  17  0:59  Drone  
  18  1:10  Extractor  
  17  1:14  Spawning Pool  
  16  1:19  Drone  
  16  1:22  Drone  
  18  1:28  Drone  
  19  1:38  Drone  
  20  1:50  Overlord  
  20  2:01  Queen  
  20  2:06  Queen  
  20  2:07  Zergling x4  
  26  2:14  Metabolic Boost  
  26  2:21  Zergling x4  
  26  2:22  Zergling x2  
  29  2:30  Zergling x2  
  29  2:34  Baneling Nest, Zergling x2  
  30  2:39  Zergling x2  
  30  2:43  Zergling x2  
  32  2:53  Overlord  
  32  2:54  Zergling x2  
  33  3:02  Zergling x2  
  34  3:09  Zergling x4  
  36  3:13  Zergling x2  
  36  3:14  Zergling x4  
  36  3:18  Baneling x4  
  36  3:19  Baneling  
  39  3:22  Zergling x2  
  40  3:29  Baneling  
  40  3:30  Zergling x4  
  40  3:33  Zergling x2  
  38  3:50  Zergling x10  
Show
View Real Time Build Order
Export as new Build Order

Neeb Protoss 

Build Orders: 1 Gate Expand 

Get SALT Encoding   

  12  0:00  Probe  
  13  0:12  Probe  
  14  0:18  Pylon  
  14  0:24  Probe  
  15  0:36  Probe (Chrono Boost)  
  15  0:39  Gateway  
  16  0:46  Probe (Chrono Boost)  
  16  0:49  Assimilator  
  17  0:52  Probe  
  18  1:04  Probe  
  19  1:16  Probe  
  20  1:27  Nexus  
  20  1:36  Cybernetics Core  
  20  1:40  Probe  
  21  1:47  Assimilator  
  21  1:52  Probe  
  22  1:54  Pylon  
  22  2:04  Probe (Chrono Boost)  
  23  2:12  Stalker  
  23  2:13  Probe (Chrono Boost)  
  26  2:19  Probe (Chrono Boost)  
  28  2:31  Probe (Chrono Boost)  
  28  2:39  Probe (Chrono Boost)  
  28  2:41  Probe (Chrono Boost)  
  28  2:42  Adept  
  32  2:47  Gateway  
  32  2:48  Probe (Chrono Boost)  
  32  2:49  Probe (Chrono Boost)  
  34  2:54  Gateway  
  34  2:55  Probe  
  36  2:58  Probe  
  36  3:05  Twilight Council  
  36  3:09  Probe  
  36  3:10  Probe  
  38  3:13  Adept  
  38  3:17  Pylon  
  40  3:21  Probe  
  40  3:23  Probe  
  43  3:35  Probe  
  43  3:40  Gateway  
  44  3:41  Gateway  
  44  3:42  Pylon  
  44  3:48  Pylon  
  41  3:50  Pylon  
  39  4:01  Pylon  
  39  4:03  Pylon  
Tags
 
Add a new tag
Caveats
  • Supply blocks, unpowered buildings, or Contaminate may cause inaccurate times.
  • Supply counts are checked every 10 seconds.